 Dungeon Crawl Stone Soup version 0.29.1-4-g47bece8355 (webtiles) character file.

Game seed: 4718050608265363059

912 Anriel the Slasher (level 7, 0/91 HPs)
             Began as a Minotaur Fighter on Dec 5, 2022.
             Was an Initiate of Gozag.
             Killed by divine providence
             ... invoked by an orc priest
              (11 damage)
             ... on level 5 of the Dungeon.
             The game lasted 00:18:47 (3515 turns).

Anriel the Slasher (Minotaur Fighter)               Turns: 3515, Time: 00:18:49

Health: 0/91       AC: 10    Str: 21    XL:     7   Next: 82%
Magic:  6/6        EV: 14    Int:  5    God:    Gozag
Gold:   258        SH: 10    Dex: 11    Spells: 6/6 levels left

rFire   . . .      SeeInvis .   a - +1 long sword
rCold   . . .      Faith    .   c - +0 buckler
rNeg    . . .      Spirit   .   b - +0 scale mail
rPois   .          Reflect  +   (helmet restricted)
rElec   .          Harm     .   (no cloak)
rCorr   .          Rampage  .   o - +1 pair of gloves
Will    .....                   (no boots)
Stlth   ..........              e - amulet of reflection
HPRegen 0.25/turn               h - +4 ring of evasion
MPRegen 0.10/turn               (no ring)

@: berserking (expiring), gold aura, very quick
A: horns 2, retaliatory headbutt
a: Renounce Religion, Potion Petition, Call Merchant, Bribe Branch


You were on level 5 of the Dungeon.
You worshipped Gozag.
Gozag was aware of your devotion.
You visited 2 branches of the dungeon, and saw 6 of its levels.

You collected 326 gold pieces.
You paid 68 gold pieces to Gozag.

Inventory:

Hand Weapons
 a - a +1 long sword (weapon)
Armour
 b - a +0 scale mail (worn)
 c - a +0 buckler (worn)
 o - a +1 pair of gloves (worn)
Jewellery
 e - an amulet of reflection (around neck)
 h - a +4 ring of evasion (left hand)
 i - an amulet of magic regeneration
 m - a ring of wizardry
Wands
 q - a wand of polymorph (7)
Scrolls
 k - a scroll of fear
 p - a scroll of teleportation
Potions
 d - a potion of heal wounds {unknown}
 f - a potion of flight
 j - a potion of haste {unknown}
 l - a potion of brilliance {unknown}


   Skills:
 + Level 5.4 Fighting
 + Level 6.9 Long Blades
 + Level 6.5 Armour
 + Level 1.4 Dodging
 + Level 5.9 Shields


You had 6 spell levels left.
You didn't know any spells.
Your spell library contained the following spells:

 Spells                   Type           Power      Damage    Failure   Level
 Slow                     Hex            0%         N/A       86%         1
 Ensorcelled Hibernation  Hex/Ice        0%         N/A       95%         2
 Passwall                 Tmut/Erth      0%         N/A       95%         2
 Confusing Touch          Hex            0%         N/A       99%         3
 Swiftness                Air            0%         N/A       99%         3
 Vampiric Draining        Necr           0%         2d6       99%         3


Dungeon Overview and Level Annotations

Branches:
Dungeon (5/15)             Temple (1/1) D:4

Altars:
Cheibriados
Dithmenos
Fedhas
Gozag
Hepliaklqana
Kikubaaqudgha
Makhleb
Nemelex Xobeh
Qazlal
Ru
Trog
Uskayaw
Vehumet
Wu Jian
Xom
Yredelemnul
The Shining One


Innate Abilities, Weirdness & Mutations

You have a pair of horns on your head.
You reflexively headbutt those who attack you in melee.


Message History

Beogh smites you!
* * * LOW HITPOINT WARNING * * *
You feel better. The howler monkey misses you. You block the orc's attack.
You feel better.
The howler monkey hits you but does no damage.
You block the orc's attack.
The howler monkey completely misses you.
A red film seems to cover your vision as you go berserk!
You feel yourself moving faster!
You feel mighty! The howler monkey misses you. The orc misses you.
You closely miss the orc.
The orc is heavily wounded.
The howler monkey misses you.
You slash the orc!
You kill the orc!
The orc priest invokes the aid of Beogh against you.
Beogh smites you!
* * * LOW HITPOINT WARNING * * *
The howler monkey hoots and howls with incredible vigour!
You hear a shout!
You barely miss the howler monkey. Your headbutt misses the howler monkey.
The howler monkey is heavily wounded.
The orc priest calls down the wrath of Beogh upon you.
Pain shoots through your body!
* * * LOW HITPOINT WARNING * * *
The orc priest calls down the wrath of Beogh upon you.
Pain shoots through your body!
* * * LOW HITPOINT WARNING * * *
You block the howler monkey's attack.
You slash the howler monkey!
You kill the howler monkey!
You barely miss the orc priest.
You headbutt the orc priest, but do no damage.
You hit the orc priest. You headbutt the orc priest.
The orc priest is severely wounded.
The orc priest hits you but does no damage.
The orc priest invokes the aid of Beogh against you.
Beogh smites you!
You die...
Your body crumbles into a pile of gold.

#.####.# .. ......
#.####.####### ##
......######
#.##.........# #
..o.h......
#.##.........# #
..........#
#.##.........# #
.....h....
#.##.........#####
.........
#.##..###....)...#
#......o#######.##.)#
#.#.......
........o.S..##@##..#
###.####.#
.........###.)oo#####
### #.# ........##
###..#### #.#
........# ##....##
### ........# #.##..#
...#....# #.#####
...#.....~.####.....#
## #.....~.....######
..~.###......#


You could see 2 orc priests.

Vanquished Creatures
  An orc warrior (D:5)
  5 ogres
  A phantom (D:4)
  A howler monkey (D:5)
  A jelly (D:4)
  2 orc priests
  2 iguanas (D:4)
  4 adders
  4 gnolls
  An ufetubus (D:4)
  7 orcs
  5 ball pythons
  7 bats
  9 endoplasms
  2 giant cockroaches (D:2)
  6 goblins
  10 hobgoblins
  2 jackals (D:5)
  4 frilled lizards
  5 kobolds
  2 rats (D:1)
81 creatures vanquished.

Notes
Turn   | Place    | Note
-------+----------+-------------------------------------------
     0 | D:1      | Anriel the Minotaur Fighter began the quest for the Orb.
     0 | D:1      | Reached XP level 1. HP: 19/19 MP: 0/0
   257 | D:1      | Reached XP level 2. HP: 27/27 MP: 1/1
  1012 | D:2      | Reached XP level 3. HP: 33/33 MP: 2/2
  1179 | D:2      | Found a faded altar of an unknown god.
  1912 | D:3      | Reached XP level 4. HP: 21/41 MP: 3/3
  2320 | D:4      | Noticed an ogre
  2329 | D:4      | Killed an ogre
  2330 | D:4      | Reached skill level 5 in Armour
  2330 | D:4      | Reached XP level 5. HP: 41/47 MP: 4/4
  2393 | D:4      | Noticed a phantom
  2428 | D:4      | Killed a phantom
  2429 | D:4      | Reached XP level 6. HP: 34/53 MP: 5/5
  2439 | D:4      | Reached skill level 5 in Shields
  2699 | D:4      | Reached skill level 5 in Long Blades
  2826 | D:4      | Reached skill level 1 in Dodging
  2978 | D:4      | Found a staircase to the Ecumenical Temple.
  2998 | Temple   | Entered the Ecumenical Temple
  3015 | Temple   | Became a worshipper of Gozag Ym Sagoz the Greedy
  3285 | D:5      | Entered Level 5 of the Dungeon
  3299 | D:5      | Reached skill level 5 in Fighting
  3299 | D:5      | Reached XP level 7. HP: 61/61 MP: 6/6
  3515 | D:5      | Killed from afar by an orc priest

Illustrated notes

Levels and vault maps discovered:
D:1:      sevenhm_arrival_forest_fort_small_5, layout_loops_cross
D:2:      layout_basic, chequers_ecumenical_altar_grove
D:3:      layout_rooms
D:4:      layout_gridville, minmay_temple_entry_proselytizer, st_stairs_7
D:5:      layout_basic, nicolae_ashenzari_panopticon, serial_rivers,
          chequers_serial_rivers_micro_e, chequers_serial_rivers_micro_a,
          chequers_serial_rivers_small_3, chequers_serial_rivers_large_b,
          lexackson_kobold_supper, uniq_crazy_yiuf_cottage
Temple:   sentei_temple_godly_chess

Skill      XL: |  1  2  3  4  5  6  7 |
---------------+----------------------+-----
Fighting       | 4 5 |  5.4
Armour         | 4 5 6 |  6.5
Shields        | 4 5 |  5.9
Long Blades    | 3 4 5 6 |  6.9
Dodging        | 1 |  1.4

Action                   |  1- 3 |  4- 6 |  7- 9 || total
-------------------------+-------+-------+-------++-------
Melee: Long sword        |    94 |    83 |    51 ||   228
       Headbutt          |    12 |    15 |    12 ||    39
  Use: Scroll            |     8 |     5 |       ||    13
       Potion            |       |     2 |     3 ||     5
Armor: Scale mail        |    38 |    16 |    15 ||    69
Dodge: Dodged            |    47 |    34 |    33 ||   114
Block: Buckler           |    45 |    40 |    34 ||   119
